 Dungeon Crawl Stone Soup version 0.21-a0-331-gfb491b4 (webtiles) character file.

2919 nikopol the Thaumaturge (level 9, -9/47 HPs)
             Began as a Deep Elf Fire Elementalist on Oct 2, 2017.
             Was a Follower of Sif Muna.
             Mangled by a two-headed ogre
             ... wielding a +0 giant spiked club
              (15 damage)
             ... on level 8 of the Dungeon.
             The game lasted 00:26:36 (7107 turns).

nikopol the Thaumaturge (DEFE)                      Turns: 7107, Time: 00:26:36

Health: -9/47      AC:  4    Str:  5    XL:     9   Next: 50%
Magic:  22/24      EV: 15    Int: 24    God:    Sif Muna [*.....]
Gold:   295        SH:  0    Dex: 15    Spells: 16/27 levels left

rFire    + . .     SeeInvis .   v - +2 dagger (elec)
rCold    . . .     Gourm    .   (no shield)
rNeg     . . .     Faith    .   I - +0 robe {rF+}
rPois    +         Spirit   .   x - +0 helmet
rElec    .         Reflect  .   z - +0 cloak {rPois}
rCorr    .         Harm     .   (no gloves)
MR       .....                  (no boots)
Stlth    ++........             (no amulet)
HPRegen  0.15/turn              (no ring)
MPRegen  0.19/turn              (no ring)

@: no status effects
A: no striking features
a: Divine Energy, Renounce Religion


You were on level 8 of the Dungeon.
You worshipped Sif Muna.
Sif Muna was aware of your devotion.
You were hungry.

You visited 2 branches of the dungeon, and saw 9 of its levels.

You collected 295 gold pieces.

Inventory:

Hand Weapons
 e - a +0 dagger
 v - a +2 dagger of electrocution (weapon)
 H - a +2 dagger
 L - a cursed -1 dagger
Armour
 a - a +0 robe
 x - a +0 helmet (worn)
 z - a +0 cloak of poison resistance (worn)
 I - a +0 robe of fire resistance (worn)
Jewellery
 f - an uncursed ring of flight {unknown}
 t - an uncursed ring of protection from fire {unknown}
Wands
 u - a wand of clouds (4/9)
 D - a wand of flame (19/48)
 K - a wand of confusion (24/48)
Scrolls
 h - a scroll of remove curse {unknown}
 i - 7 scrolls of teleportation {unknown}
 j - 4 scrolls of fear {unknown}
 k - 2 scrolls of magic mapping {unknown}
 n - 10 scrolls of identify {unknown}
 o - a scroll of enchant weapon {unknown}
 q - 3 scrolls of fog {unknown}
 w - 2 scrolls of amnesia {unknown}
 y - a scroll of immolation {unknown}
 B - a scroll of random uselessness {unknown}
 G - a scroll of blinking {unknown}
 J - a scroll of recharging {unknown}
Potions
 g - a potion of magic {unknown}
 l - a potion of flight {unknown}
 m - 2 potions of heal wounds {unknown}
 p - 2 potions of berserk rage {unknown}
 r - a potion of curing {unknown}
 s - a potion of lignification {unknown}
 A - a potion of degeneration {unknown}
 E - a potion of mutation {unknown}
 F - a potion of haste {unknown}
Books
 b - a book of Flames

   Spells                             Type                      Level
   a - Flame Tongue                   Conjuration/Fire             1
   b - Throw Flame                    Conjuration/Fire             2
   c - Conjure Flame                  Conjuration/Fire             3
   d - Inner Flame                    Hexes/Fire                   3
   e - Sticky Flame                   Conjuration/Fire             4
   f - Fireball                       Conjuration/Fire             5
Comestibles
 c - 5 bread rations
 d - 3 meat rations
 C - 2 royal jellies


   Skills:
 + Level 1.3 Fighting
 + Level 1.1 Short Blades
 + Level 4.8 Dodging
 + Level 3.4 Stealth
 + Level 9.9 Spellcasting
 + Level 7.9 Conjurations
 + Level 8.2 Fire Magic


You had 16 spell levels left.
You knew the following spells:

 Your Spells              Type           Power        Failure   Level  Hunger
a - Flame Tongue          Conj/Fire      #####        1%          1    None
b - Throw Flame           Conj/Fire      ######       1%          2    None
c - Conjure Flame         Conj/Fire      ######..     1%          3    None
d - Fireball              Conj/Fire      ######....   5%          5    ####...


Dungeon Overview and Level Annotations

Branches:
Dungeon (8/15)             Temple (1/1) D:6
   Lair: D:8-11

Altars:
Ashenzari
Cheibriados
Elyvilon
Fedhas
Gozag
Hepliaklqana
Kikubaaqudgha
Makhleb
Okawaru
Qazlal
Ru
Sif Muna
Trog
Uskayaw
Wu Jian
Yredelemnul
Zin
The Shining One

Annotations:
D:8 zero's ghost, novice MiBe


Message History

The flame tongue hits zero's ghost.
Zero's ghost appears unharmed.
Zero's ghost is engulfed in blazing flames.
Zero's ghost hits you!
Casting: Flame Tongue
Confirm with . or Enter, or press ? or * to list all spells.
Aiming: Throw Flame
Press: ? - help, Shift-Dir - straight line, f/p - zero's ghost
Aim: zero's ghost (flame, lightly damaged)
The puff of flame misses zero's ghost.
Zero's ghost is engulfed in blazing flames.
Zero's ghost hits you!
* * * LOW HITPOINT WARNING * * *
Zero's ghost is engulfed in blazing flames.
Found a bronze wand.
Found a stone staircase leading down.
A two-headed ogre comes into view.
It is wielding a giant spiked club and a dire flail.
The two-headed ogre shouts in stereo!
Zero's ghost says, "Try not to bleed too much."
The two-headed ogre hits you with a giant spiked club!
You die...

.........###.#..........
......##...............>
......................#
......................#
...##.##.##..#.#..#####
...##.##.##..#.#..#
...##.##.##..#.#..#
...##....##..#.#W.#
...##.##.##..#.#@.###
...##.##.##..#...O......
...##.##.##..#.#..######
.............#......#####.#
#.##.##.##.##............#
#.##.##.##.#..##<...###
...........#..##.####
#.##.##.####(..... #.##.#
##.##.##


You could see a two-headed ogre and zero's ghost.

Vanquished Creatures
  Sigmund (D:3)
  A hungry ghost (D:4)
  A water moccasin (D:8)
  2 orc warriors (D:7)
  A phantom (D:7)
  2 ice beasts
  An eye of draining (D:8)
  A centaur (D:7)
  An ogre (D:4)
  2 bullfrogs (D:7)
  A wyvern skeleton (D:8)
  3 scorpions
  2 howler monkeys (D:5)
  9 wights
  A crimson imp (D:6)
  A quasit (D:6)
  4 hounds
  3 orc wizards
  5 orc priests (D:7)
  A centaur skeleton (D:4)
  3 jellies
  Crazy Yiuf (D:3)
  Ijyb (D:3)
  2 iguanas
  6 worker ants
  A howler monkey zombie (D:5)
  13 adders
  A shadow imp (D:5)
  An ooze (D:6)
  3 dart slugs
  6 leopard geckos
  22 orcs
  5 giant cockroaches
  6 goblins
  7 hobgoblins
  6 jackals
  4 kobolds
  7 quokkas
  A ball python (D:2)
  5 bats
  2 frilled lizards
  12 rats
158 creatures vanquished.

Vanquished Creatures (others)
  An orc wizard (D:8)
1 creature vanquished.

Grand Total: 159 creatures vanquished

Notes
Turn   | Place    | Note
-------+----------+-------------------------------------------
     0 | D:1      | nikopol the Deep Elf Fire Elementalist began the quest for the Orb.
     0 | D:1      | Reached XP level 1. HP: 10/10 MP: 6/6
   203 | D:1      | Reached XP level 2. HP: 10/15 MP: 6/8
   523 | D:1      | Reached XP level 3. HP: 19/19 MP: 7/9
   527 | D:1      | Learned a level 2 spell: Throw Flame
   531 | D:1      | Learned a level 3 spell: Conjure Flame
  1231 | D:2      | Found an opulent altar of Gozag.
  1258 | D:2      | Found a sacrificial altar of Ru.
  1442 | D:2      | Reached XP level 4. HP: 24/24 MP: 7/11
  1475 | D:3      | Noticed Sigmund
  1720 | D:3      | Reached skill level 4 in Spellcasting
  1963 | D:3      | Noticed Ijyb
  1971 | D:3      | Killed Ijyb
  2120 | D:3      | Killed Sigmund
  2120 | D:3      | Reached skill level 5 in Spellcasting
  2120 | D:3      | Reached XP level 5. HP: 28/28 MP: 4/14
  2120 | D:3      | Reached XP level 6. HP: 32/32 MP: 4/16
  2270 | D:3      | Reached skill level 5 in Fire Magic
  2496 | D:3      | Found a runed door.
  2500 | D:3      | Noticed Crazy Yiuf
  2503 | D:3      | Killed Crazy Yiuf
  2672 | D:4      | Noticed an ice beast
  2692 | D:4      | Reached skill level 6 in Spellcasting
  2701 | D:4      | Killed an ice beast
  2701 | D:4      | Reached XP level 7. HP: 25/37 MP: 0/18
  2814 | D:4      | Learned a level 5 spell: Fireball
  2834 | D:4      | Found a shattered altar of Ashenzari.
  3008 | D:4      | Noticed a hungry ghost
  3018 | D:4      | Killed a hungry ghost
  3260 | D:4      | Reached skill level 5 in Conjurations
  3543 | D:5      | Entered Level 5 of the Dungeon
  3578 | D:5      | Reached skill level 7 in Spellcasting
  3682 | D:5      | Reached XP level 8. HP: 41/42 MP: 16/20
  4035 | D:5      | Found a burning altar of Makhleb.
  4037 | D:5      | Found a glowing silver altar of Zin.
  4037 | D:5      | Noticed an angel
  4038 | D:5      | Noticed a cacodemon
  4301 | D:6      | Reached skill level 1 in Fighting
  4438 | D:6      | Reached skill level 1 in Short Blades
  4497 | D:6      | Found a staircase to the Ecumenical Temple.
  4506 | Temple   | Entered the Ecumenical Temple
  5200 | D:7      | Reached skill level 8 in Spellcasting
  5569 | D:7      | Reached XP level 9. HP: 46/47 MP: 10/23
  5607 | D:7      | Found a blossoming altar of Fedhas.
  5710 | D:7      | Found a deep blue altar of Sif Muna.
  5713 | D:7      | Became a worshipper of Sif Muna the Loreminder
  5986 | D:7      | Reached skill level 9 in Spellcasting
  6952 | D:8      | Reached * piety under Sif Muna
  7069 | D:8      | Noticed zero's ghost (novice MiBe)
  7077 | D:8      | HP: 1/47 [zero's ghost (14)]
  7104 | D:8      | Noticed a two-headed ogre
  7107 | D:8      | Mangled by a two-headed ogre

Vault maps used:
D:1:      ncdulo_wetmaze, st_stairs_3
D:2:      nicolae_gozag_cash_rules_everything_around_me, serial_glass,
          glass_columns_b, glass_columns_a, glass_columns_a, glass_columns_a,
          glass_columns_a, glass_columns_a, glass_columns_a, glass_columns_b,
          glass_columns_b, glass_columns_a, glass_columns_c, glass_columns_c,
          glass_columns_c, glass_columns_a, nicolae_ru_great_annihilating_truth
D:3:      first_bread, uniq_ijyb, uniq_crazy_yiuf_cottage, uniq_sigmund
D:4:      nicolae_overflow_crystal_walls
D:5:      grunt_temple_overflow_order_and_chaos_2, kennysheep_small_square
D:6:      lemuel_temple_firewalk_a
D:7:      lemuel_blue_sif_altar, kennysheep_little_box
D:8:      old_standard_altar, minmay_lair_entry_lava
Temple:   nicolae_temple_hex_pool

Skill      XL: |  1  2  3  4  5  6  7  8  9 |
---------------+----------------------------+-----
Fire Magic     | 4 5 6 7 8 |  8.2
Dodging        | 3 4 |  4.8
Spellcasting   | 5 6 7 8 9 |  9.9
Conjurations   | 2 3 5 7 |  7.9
Stealth        | 3 |  3.4
Fighting       | 1 |  1.3
Short Blades   | 1 |  1.1

Action                   |  1- 3 |  4- 6 |  7- 9 || total
-------------------------+-------+-------+-------++-------
Melee: Unarmed           |     1 |       |       ||     1
       Dagger            |    20 |       |    11 ||    31
 Cast: Flame Tongue      |    68 |    92 |   270 ||   430
       Conjure Flame     |       |     4 |    15 ||    19
       Throw Flame       |       |       |    22 ||    22
       Fireball          |       |       |     1 ||     1
 Stab: Sleeping          |     1 |       |       ||     1
  Eat: Chunk             |     1 |     4 |    13 ||    18
Armor: Robe              |    16 |     3 |    24 ||    43
Dodge: Dodged            |    31 |    20 |    74 ||   125

Table legend:
 A = Spawn XP
 B = Non-spawn XP
 C = Spawn XP percentage of total XP
 D = Spawn monster count
 E = Non-spawn monster count
 F = Spawn count percentage of total count
 G = Total turns spent on level
                    A         B        C        D         E        F      G
               +---------+---------+-------+---------+---------+-------+---------
         Total |       0 |    4171 |   0.0 |       0 |     159 |   0.0 |  7107
               +---------+---------+-------+---------+---------+-------+---------
           D:1 |       0 |      46 |   0.0 |       0 |      23 |   0.0 |   784
           D:2 |       0 |      51 |   0.0 |       0 |      18 |   0.0 |   812
           D:3 |       0 |     390 |   0.0 |       0 |      28 |   0.0 |  1005
           D:4 |       0 |     729 |   0.0 |       0 |      18 |   0.0 |   942
           D:5 |       0 |     462 |   0.0 |       0 |      17 |   0.0 |   677
           D:6 |       0 |     410 |   0.0 |       0 |      13 |   0.0 |   987
           D:7 |       0 |    1570 |   0.0 |       0 |      33 |   0.0 |  1515
           D:8 |       0 |     513 |   0.0 |       0 |       9 |   0.0 |   289
               +---------+---------+-------+---------+---------+-------+---------
